 Dungeon Crawl Stone Soup version 0.27.0-1-g7a089689b8 (webtiles) character file.

Game seed: 7874231459337411966

2615 Malachi the Orthodox (level 9, -1/72 HPs)
             Began as a Palentonga Fighter on Aug 13, 2021.
             Was an Elder of Zin.
             Shot with a sling bullet by Joseph (16 damage)
             ... on level 7 of the Dungeon.
             The game lasted 00:16:25 (9933 turns).

Malachi the Orthodox (Palentonga Fighter)           Turns: 9933, Time: 00:16:26

Health: -1/72      AC: 14    Str: 24    XL:     9   Next: 34%
Magic:  12/14      EV:  8    Int:  8    God:    Zin [****..]
Gold:   318        SH:  0    Dex:  9    Spells: 8/8 levels left

rFire    . . .     SeeInvis +   f - +6 scythe (vorpal)
rCold    . . .     Faith    .   (shield currently unavailable)
rNeg     . . .     Spirit   .   b - +0 scale mail
rPois    .         Reflect  .   (no helmet)
rElec    .         Harm     .   (no cloak)
rCorr    .         Rampage  .   (no gloves)
Will     .....                  (no barding)
Stlth    ..........             q - amulet of magic regeneration
HPRegen  0.22/turn              (no ring)
MPRegen  0.39/turn              (no ring)

@: curled up
A: large, rugged brown scales 3, see invisible, deformed body, roll 1, armoured
tail, reflexive curl
a: Rolling Charge, Renounce Religion, Recite, Vitalisation, Imprison, Donate
Gold


You were on level 7 of the Dungeon.
You worshipped Zin.
Zin was greatly pleased with you.
You visited 1 branch of the dungeon, and saw 7 of its levels.

You collected 353 gold pieces.
You donated 35 gold pieces to Zin.

Inventory:

Hand Weapons
 a - a +0 war axe
 f - a +6 vorpal scythe (weapon)
Missiles
 p - a throwing net
Armour
 b - a +0 scale mail (worn)
 c - a +1 kite shield
Magical Staves
 i - a staff of poison
Jewellery
 q - an amulet of magic regeneration (around neck)
 r - a ring of fire
Wands
 j - a wand of acid (6)
 s - a wand of charming (8)
Scrolls
 g - a scroll of enchant armour
 h - a scroll of blinking
 k - 2 scrolls of magic mapping
 l - a scroll of noise
 m - 3 scrolls of teleportation
 o - 3 scrolls of identify
 t - a scroll of fog
Potions
 d - a potion of might
 e - a potion of brilliance
 n - 2 potions of curing


   Skills:
 + Level 5.2 Fighting
 + Level 3.9(5.7) Axes
 + Level 5.8(6.3) Polearms
 + Level 5.2 Armour
 + Level 2.1 Dodging
 + Level 0.5 Stealth
 + Level 3.2 Shields
 * Level 6.9 Invocations


You had 8 spell levels left.
You didn't know any spells.
Your spell library contained the following spells:

 Spells                   Type           Power      Damage    Failure   Level
 Static Discharge         Conj/Air       0%         N/A       83%         2
 Stone Arrow              Conj/Erth      0%         3d7       96%         3
 Animate Armour           Summ/Erth      0%         N/A       100%        4
 Lightning Bolt           Conj/Air       0%         1d11      100%        5
 Lehudib's Crystal Spear  Conj/Erth      0%         10d2      100%        8
 Maxwell's Capacitive Co  Air            0%         ∞         100%        8


Dungeon Overview and Level Annotations

Branches:
Dungeon (7/15)
 Temple: D:4-7

Altars:
Zin

Annotations:
D:7 Harold, Joseph, Menkaure


Innate Abilities, Weirdness & Mutations

You are completely covered in rugged brown scales. (AC +3, +7% HP)
You have supernaturally acute eyesight. (SInv)
Armour fits poorly on your strangely shaped body.
You can roll at nearby foes to attack.
You have a long armoured tail.
You curl defensively after being hit.


Message History

You are ready to recite again.
You start resting.
You start resting.
HP restored.
There is a stone staircase leading down here.
You climb downwards.
Level annotation: Menkaure Harold the Weathered comes into view.
He is wielding a +0 glaive and carrying a wand of iceblast (4).
Harold throws a throwing net.
The throwing net hits you.
You become entangled in the net!
Found a potion of brilliance and 19 sling bullets.
There is a stone staircase leading up here.
You see here a throwing net.
You struggle against the net.
Harold zaps a wand.
The mass of ice explodes!
The iceblast engulfs you!
You struggle against the net.
Harold says, "This is so exciting!
What a great way to end my career!"
You rip the net and break free!
Harold zaps a wand.
The mass of ice explodes!
The iceblast engulfs you!!
A sky beast comes into view.
You hear a shout!
Harold throws a throwing net.
The throwing net hits you.
You become entangled in the net!
You stop ascending the stairs.
Unknown command.
Press: ? - help, Dir - move target, f - Harold
Aim: Harold, wielding a +0 glaive, wearing a +0 scale mail, quivering a throwing net and carrying a wand of iceblast (2) Zin imprisons Harold with walls of pure silver!
You struggle against the net.
You struggle against the net.
You struggle against the net.
Joseph, a Mercenary comes into view.
He is wielding a +0 quarterstaff.
You struggle against the net.
Zin releases Harold from his prison.
Joseph unwields a +0 quarterstaff.
Joseph wields a +0 hunting sling.
Joseph shoots a sling bullet.
The sling bullet hits you!
You rip the net and break free!
The sky beast hits you.
* * * LOW HITPOINT WARNING * * *
The sky beast shocks you.
* * * LOW HITPOINT WARNING * * *
Joseph shoots a sling bullet.
The sling bullet hits you!
You die...

#...# #.#...#.#
#...# #.....(.#
.#...#
#..!....#
..#...#
#.#...#.#
...#...#
#.......#
....#####
#......@##.....
#..#...Y.......
.@.....@......#
.#.##.........#
#.........#
###########


You could see Harold, Joseph and a sky beast.

Vanquished Creatures
  Sigmund (D:2)
  A shadow (D:5)
  A vampire (D:4)
  2 black bears (D:6)
  A sky beast (D:5)
  2 necrophages
  3 ogres
  3 centaurs
  2 phantoms (D:5)
  A kobold brigand (D:7)
  A bullfrog (D:5)
  3 scorpions
  A water moccasin skeleton (D:4)
  A howler monkey (D:6)
  2 bullfrog zombies
  3 orc priests
  2 jellies
  Terence (D:3)
  A bullfrog skeleton (D:3)
  A centaur skeleton (D:6)
  Natasha (thrice) (D:3)
  2 orc wizards
  A hound skeleton (D:5)
  9 adders
  4 gnolls (D:5)
  2 white imps (D:6)
  2 ufetubi (D:5)
  An adder skeleton (D:4)
  3 worms
  2 dart slugs
  10 orcs
  9 ball pythons
  8 endoplasms
  5 giant cockroaches
  12 goblins
  8 hobgoblins
  4 jackals (D:2)
  7 kobolds
  4 quokkas
  7 bats
  A frilled lizard (D:3)
  4 rats
141 creatures vanquished.

Vanquished Creatures (others)
  3 withered plants (D:1)
3 creatures vanquished.

Grand Total: 144 creatures vanquished

Notes
Turn   | Place    | Note
-------+----------+-------------------------------------------
     0 | D:1      | Malachi the Palentonga Fighter began the quest for the Orb.
     0 | D:1      | Reached XP level 1. HP: 19/19 MP: 1/1
   199 | D:1      | Found a faded altar of an unknown god.
   222 | D:1      | Became a worshipper of Zin the Law-Giver
   222 | D:1      | Reached * piety under Zin
   381 | D:1      | Reached XP level 2. HP: 24/25 MP: 2/2
  1005 | D:1      | Reached XP level 3. HP: 31/31 MP: 3/3
  1296 | D:2      | You fall into a shaft and drop 1 floor!
  1311 | D:3      | Reached skill level 1 in Invocations
  1468 | D:3      | Noticed Natasha
  1475 | D:3      | Killed Natasha
  1476 | D:3      | Reached XP level 4. HP: 22/37 MP: 3/5
  2062 | D:2      | Noticed Sigmund
  2069 | D:2      | Killed Sigmund
  2070 | D:2      | Reached skill level 3 in Invocations
  2070 | D:2      | Reached XP level 5. HP: 27/43 MP: 5/7
  2399 | D:2      | Reached XP level 6. HP: 32/50 MP: 8/8
  2985 | D:2      | Reached ** piety under Zin
  3181 | D:3      | Noticed Terence
  3193 | D:3      | Killed Terence
  3924 | D:3      | Noticed Natasha
  3932 | D:3      | Killed Natasha
  3933 | D:3      | Reached skill level 1 in Polearms
  4048 | D:3      | Noticed Natasha
  4053 | D:3      | Killed Natasha
  4305 | D:3      | Found a glowing silver altar of Zin.
  4670 | D:4      | Gained mutation: You curl defensively after being hit.
                  | [Palentonga growth]
  4670 | D:4      | Reached XP level 7. HP: 55/55 MP: 9/9
  4735 | D:4      | Reached skill level 4 in Invocations
  5090 | D:4      | Reached *** piety under Zin
  5540 | D:5      | Entered Level 5 of the Dungeon
  5546 | D:5      | Reached skill level 1 in Dodging
  5577 | D:5      | You fall into a shaft and drop 1 floor!
  5883 | D:6      | Reached XP level 8. HP: 15/65 MP: 11/11
  6624 | D:6      | Reached skill level 5 in Invocations
  8086 | D:5      | Reached **** piety under Zin
  8322 | D:5      | Reached skill level 5 in Polearms
  8429 | D:5      | Reached skill level 6 in Invocations
  8432 | D:5      | Reached XP level 9. HP: 71/71 MP: 13/13
  8436 | D:5      | Reached skill level 5 in Armour
  8515 | D:5      | Reached skill level 5 in Fighting
  9606 | D:7      | Noticed Menkaure
  9922 | D:7      | Noticed Harold
  9930 | D:7      | Noticed Joseph
  9933 | D:7      | Shot with a sling bullet by Joseph

Illustrated notes

Levels and vault maps discovered:
D:1:      ebering_trefoil_twist, layout_loops_ring,
          ebering_ecumenical_altar_petrified, minmay_pentomino_t4
D:2:      layout_basic, minmay_statues_item, uniq_sigmund
D:3:      layout_loops_cross, mainiacjoe_overflow_cross_hatched, uniq_natasha,
          uniq_terence
D:4:      layout_loops_ring, bh_walls_and_bars
D:5:      minmay_razor_zed, layout_loops_ring, kennysheep_generic_room_3
D:6:      layout_layer_cave
D:7:      layout_basic, temple_hall, uniq_menkaure, uniq_joseph, uniq_harold

Skill      XL: |  1  2  3  4  5  6  7  8  9 |
---------------+----------------------------+-----
Invocations    | 1 3 4 6 |  6.9
Axes           | 3 |  3.9
Armour         | 3 4 5 |  5.2
Shields        | 3 |  3.2
Polearms       | 1 3 5 |  5.8
Dodging        | 1 2 |  2.1
Fighting       | 4 5 |  5.2
Stealth        | |  0.5

Action                   |  1- 3 |  4- 6 |  7- 9 || total
-------------------------+-------+-------+-------++-------
Melee: War axe           |    96 |    34 |       ||   130
       Tailslap          |    12 |     4 |    18 ||    34
       Scythe            |       |    87 |   155 ||   242
Invok: Recite            |     5 |     4 |    11 ||    20
       Imprison          |       |       |     1 ||     1
 Abil: Rolling Charge    |     1 |     2 |     5 ||     8
  Use: Scroll            |     5 |     5 |     4 ||    14
       Potion            |       |     7 |     4 ||    11
Armor: Scale mail        |    51 |    69 |   113 ||   233
       Skin              |       |    12 |       ||    12
Dodge: Dodged            |    25 |    39 |    82 ||   146
Block: Kite shield       |    51 |    17 |       ||    68
